 Dungeon Crawl Stone Soup version 0.31.0-9-g3a7656b989 (webtiles) character file.

Game seed: 2636618989775198164

4 Sobieck the Ruffian (level 1, 18/18 HPs)
             Began as a Troll Shapeshifter on Jan 24, 2024.
             Was a Follower of Vehumet.
             Got out of the dungeon alive.
             The game lasted 00:00:56 (212 turns).

Sobieck the Ruffian (Troll Shapeshifter)             Turns: 212, Time: 00:00:57

Health: 18/18      AC:  4    Str: 21    XL:     1   Next: 50%
Magic:  0/0        EV:  9    Int:  6    God:    Vehumet [*.....]
Gold:   29         SH:  0    Dex:  9    Spells: 0/0 levels left

rFire   . .          .
                       - Unarmed
rCold   . . .        (no shield)
rNeg    . . .        a - +0 animal skin
rPois   .            (helmet currently unavailable)
rElec   .            (cloak currently unavailable)
rCorr   .            (gloves unavailable)
SInv    .            (boots unavailable)
Will    .....        (no amulet)
Stlth   +            (no ring)
HPRegen 1.03/turn    (no ring)
MPRegen 0.07/turn

%: no passive effects
@: beast-form
A: beast (slay +1), large, unfitting armour, claws 3, regeneration 1, shaggy fur
1, tough skin 1
a: Begin Untransformation, Renounce Religion


You escaped.
You worshipped Vehumet.
Vehumet was aware of your devotion.
You were a hulking beast.
You visited 1 branch of the dungeon, and saw 1 of its levels.

You collected 29 gold pieces.

Inventory:

Armour
 a - a +0 animal skin (worn)
Talismans
 c - a beast talisman
 d - a flux talisman
Scrolls
 f - a scroll of vulnerability {unknown}
Potions
 b - a potion of lignification
 e - 2 potions of attraction {unknown}


   Skills:
 + Level 0.9 Fighting
 - Level 1.5 Dodging
 * Level 3.1 Unarmed Combat
 + Level 3.0 Shapeshifting


You couldn't memorise any spells.
You didn't know any spells.
Your spell library was empty.

Dungeon Overview and Level Annotations

Branches:
Dungeon (1/15)

Altars:
Vehumet


Innate Abilities, Weirdness & Mutations

You are a hulking beast.
Your limbs bulge with bestial killing power. (Slay +1)
You are too large for most types of armour.
You have claws for hands.
Your natural rate of healing is unusually fast.
You are covered in fur. (AC +1)
You have tough skin. (AC +1)


Message History

Unknown command.
You start resting.
HP restored.
Unknown command.
Unknown command.
Nothing quivered!
Found a stone staircase leading down.
Unknown command.
Unknown command.
f - a scroll labelled VIYH OROOHOOTE No target in view!
You now have 29 gold pieces (gained 13).
A goblin comes into view. It is wielding a +0 dagger.
The goblin shouts!
Unknown command.
You claw the goblin!
You kill the goblin!
No target in view!
No target in view!
Things that are here:
a +0 dagger; a goblin corpse
Found a faded altar of an unknown god.
There is a faded altar of an unknown god here.
A quokka comes into view.
Unknown command.
You scratch the quokka but do no damage.
The quokka bites you but does no damage.
You closely miss the quokka. The quokka bites you.
You closely miss the quokka.
The quokka bites you but does no damage.
You claw the quokka!
You kill the quokka!
No target in view!
No target in view!
There is a faded altar of an unknown god here.
This altar belongs to (a) Vehumet, (b) Trog or (c) Qazlal, but you can't tell which.
Press the corresponding letter to learn more about a god, or press enter to convert or escape to cancel.
Vehumet accepts your prayer! Vehumet welcomes you!
You can now gain magical power from killing.
Vehumet offers you knowledge of Sandblast.
Unknown command.
Press < or > to pray at altars.
Okay, then.
Unknown command.
Press < or > to pray at altars.
Things that are here:
a +0 dagger; a goblin corpse You enter the shallow water.
There is a staircase leading out of the dungeon here.
You have escaped!

### #h## #..##
## ##...###≈#
#....#≈≈≈#
#####..~~~≈≈≈#
#≈≈≈~≈~~~~~###
#≈≈≈≈≈~~≈..##
###
#≈≈##.......#
#.. ##
#.......(##
#.#


There were no monsters in sight!

Vanquished Creatures
  A goblin (D:1)
  A hobgoblin (D:1)
  A quokka (D:1)
3 creatures vanquished.

Notes
Turn   | Place    | Note
-------+----------+-------------------------------------------
     0 | D:1      | Sobieck the Troll Shapeshifter began the quest for the Orb.
     0 | D:1      | Reached XP level 1. HP: 18/18 MP: 0/0
   119 | D:1      | Found a faded altar of an unknown god.
   139 | D:1      | Prayed at the altar of an unknown god.
   139 | D:1      | Became a worshipper of Vehumet
   139 | D:1      | Reached * piety under Vehumet
   139 | D:1      | Offered knowledge of Sandblast by Vehumet.
   212 | D:$      | Got out of the dungeon alive.

Illustrated notes

Levels and vault maps discovered:
D:1:      eino_arrival_cavern_b, layout_loops_ring,
          chequers_ecumenical_altar_twisty, serial_glass, glass_columns_c,
          glass_columns_a, corexii_hall_statues_l

Action                     || total
---------------------------++-------
  Melee: Unarmed           ||     6
         Punch             ||     1
 Armour: Animal skin       ||     4
